 Dungeon Crawl Stone Soup version 0.30-a0-629-gd54f4be4f7 (webtiles) character file.

Game seed: 12887978344471706733

62 porpoise the Shield-Bearer (level 4, -2/37 HPs)
             Began as a Formicid Fighter on Jan 13, 2023.
             Killed from afar by Ijyb (11 damage)
             ... with a bolt of dispelling energy
             ... on level 3 of the Dungeon.
             The game lasted 00:08:28 (1977 turns).

porpoise the Shield-Bearer (Formicid Fighter)       Turns: 1977, Time: 00:08:29

Health: -2/37      AC:  8    Str: 28    XL:     4   Next: 28%
Magic:  4/4        EV:  9    Int:  8    God:
Gold:   129        SH:  5    Dex: 13    Spells: 3/3 levels left

rFire   . . .      SeeInvis +    a - +0 war axe
rCold   . . .      Faith    .    c - +0 buckler
rNeg    . . .      Spirit   .    b - +0 scale mail
rPois   .          Reflect  .    (helmet unavailable)
rElec   .          Harm     .    u - scarf {+Inv}
rCorr   .          Rampage  .    h - +0 pair of gloves
Will    +....                    (no boots) Stlth
                                 (no amulet)
HPRegen 0.26/turn                l - ring of willpower
MPRegen 0.09/turn                k - +6 ring of strength

@: no status effects
A: permanent stasis, dig shafts and tunnels, antennae 3, four strong arms
a: Dig, Shaft Self, Evoke Invisibility


You were on level 3 of the Dungeon.
You visited 1 branch of the dungeon, and saw 3 of its levels.

You collected 129 gold pieces.

Inventory:

Hand Weapons
 a - a +0 war axe (weapon)
Missiles
 g - 4 poisoned darts
Armour
 b - a +0 scale mail (worn)
 c - a +0 buckler (worn)
 h - a +0 pair of gloves (worn)
 j - a +2 cloak
 u - a scarf of invisibility (worn)
Jewellery
 k - a +6 ring of strength (right hand)
 l - a ring of willpower (left hand)
Scrolls
 m - a scroll of identify {unknown}
 p - a scroll of vulnerability {unknown}
 q - a scroll of blinking {unknown}
 r - a scroll of poison {unknown}
 s - a scroll of amnesia {unknown}
Potions
 d - 2 potions of might
 e - 2 potions of curing {unknown}
 f - 3 potions of attraction {unknown}
 i - a potion of berserk rage {unknown}
 n - a potion of invisibility {unknown}
 o - 2 potions of heal wounds {unknown}
 t - a potion of cancellation {unknown}
 v - 3 potions of lignification {unknown}
 w - a potion of flight {unknown}


   Skills:
 + Level 4.0 Fighting
 * Level 3.7 Axes
 - Level 3.2 Armour
 - Level 4.0 Shields


You had 3 spell levels left.
You didn't know any spells.
Your spell library contained the following spells:

 Spells                   Type           Power      Damage    Failure   Level
 Stone Arrow              Conj/Erth      0%         3d7       98%         3
 Animate Armour           Summ/Erth      0%         N/A       100%        4
 Lehudib's Crystal Spear  Conj/Erth      0%         10d2      100%        8


Dungeon Overview and Level Annotations

Branches:
Dungeon (3/15)

Altars:
Gozag

Annotations:
D:3 Ijyb


Innate Abilities, Weirdness & Mutations

You cannot be hasted, slowed, berserked, paralysed or teleported.
You can dig through walls and to a lower floor.
You have a pair of large antennae on your head. (SInv)
Your four strong arms can wield two-handed weapons with a shield.


Message History

You now have 119 gold pieces (gained 12).
You sense a monster nearby.
A rat comes into view.
You closely miss the rat. The rat barely misses you.
You barely miss the rat. The rat closely misses you. The rat barely misses you.
You hit the rat.
The rat is heavily wounded.
The rat bites you but does no damage.
You slash the rat!
You kill the rat!
Found a ring mail.
f - 3 clear potions (gained 1)
Found an opulent altar of Gozag.
You sense a monster nearby.
You now have 129 gold pieces (gained 10).
Ijyb the Twisted Goblin comes into view.
She is wielding a +0 club and carrying a wand of quicksilver (9).
Ijyb shouts!
Ijyb zaps a wand.
The bolt of dispelling energy hits you!
Found 10 gold pieces.
You closely miss Ijyb. Ijyb barely misses you.
You closely miss Ijyb. Ijyb hits you with a +0 club. You block Ijyb's attack.
You closely miss Ijyb. Ijyb hits you with a +0 club.
You hit Ijyb but do no damage.
Ijyb zaps a wand.
The bolt of dispelling energy hits you!
Ijyb screams, "It's all mine!"
Ijyb hits you with a +0 club.
You are too injured to fight recklessly!
You are too injured to fight recklessly!
You slash Ijyb!
Ijyb is heavily wounded.
Ijyb hits you with a +0 club.
* * * LOW HITPOINT WARNING * * *
You hit Ijyb but do no damage.
Ijyb is heavily wounded.
You block Ijyb's attack.
You closely miss Ijyb.
Ijyb is heavily wounded.
Ijyb hits you but does no damage.
Ijyb zaps a wand.
The bolt of dispelling energy hits you!
You die...

#.####..#####..###.#
#.# .# #..# #..# #.#
#.# #..#####..###.#
#.# #..........##.#
#.# #...####.#.##.#
#.# ..... ###.####
#.# #....# #.....#
##.#.# #.#.### {
#.._@.# ###.#g#
$....# ###.### #.#
..# ###


You could see Ijyb.

Vanquished Creatures
  A worm (D:2)
  5 ball pythons
  6 bats
  5 endoplasms
  4 giant cockroaches
  3 goblins
  9 hobgoblins
  3 kobolds (D:1)
  2 quokkas (D:1)
  4 frilled lizards
  10 rats
52 creatures vanquished.

Notes
Turn   | Place    | Note
-------+----------+-------------------------------------------
     0 | D:1      | porpoise the Formicid Fighter began the quest for the Orb.
     0 | D:1      | Reached XP level 1. HP: 18/18 MP: 1/1
    65 | D:1      | You fall into a shaft and drop 1 floor!
    80 | D:1      | Reached XP level 2. HP: 24/24 MP: 2/2
   290 | D:1      | Reached XP level 3. HP: 29/29 MP: 3/3
   465 | D:1      | Found a faded altar of an unknown god.
  1670 | D:3      | Reached XP level 4. HP: 37/37 MP: 4/4
  1959 | D:3      | Found an opulent altar of Gozag.
  1969 | D:3      | Noticed Ijyb
  1977 | D:3      | Killed from afar by Ijyb

Illustrated notes

Levels and vault maps discovered:
D:1:      dpeg_arrival_shelter, layout_rooms,
          shapermc_ecumenical_altar_acropolis, nicolae_eternal_life,
          nicolae_figureground_pulse
D:2:      layout_loops_corners, minmay_tetromino_t2
D:3:      wad_crossroads, layout_loops_ring,
          nicolae_gozag_cash_rules_everything_around_me, uniq_ijyb

Skill      XL: |  1  2  3  4 |
---------------+-------------+-----
Axes           | 3 |  3.7
Fighting       | 4 |  4.0
Armour         | |  3.2
Shields        | |  4.0

Action                   |  1- 3 |  4- 6 || total
-------------------------+-------+-------++-------
Melee: War axe           |    90 |    49 ||   139
Armor: Scale mail        |    27 |    18 ||    45
Dodge: Dodged            |    32 |    20 ||    52
Block: Buckler           |    17 |     8 ||    25

Table legend: (Time is in decaauts)
 A = Elapsed time spent in this place.
 B = Non-inter-level travel time spent in this place.
 C = Inter-level travel time spent in this place.
 D = Time resting spent in this place.
 E = Time spent auto-exploring this place.
 F = Levels seen in this place.
 G = Mean time per level.
                   A        B        C        D        E       F      G
               +--------+--------+--------+--------+--------+-----+--------+
         Total |   2025 |   1979 |     46 |     39 |   1447 |   3 |  675.0 |
       Dungeon |   2025 |   1979 |     46 |     39 |   1447 |   3 |  675.0 |
               +--------+--------+--------+--------+--------+-----+--------+

Top non-repeatable levels by time:
     D:2: 874 daAuts
     D:1: 736 daAuts
     D:3: 414 daAuts
